 Dungeon Sprint DCSS version 0.18.1-8-gdd0e5ea (webtiles) character file.

2390 rftp080 the Grappler (level 9, 0/97 HPs)
             Began as a Troll Fighter on June 4, 2016.
             Was the Champion of Cheibriados.
             Slain by a nine-headed hydra (4 damage)
             ... in the Dungeon (Sprint IX: "|||||||||||||||||||||||||||||").
             The game lasted 00:03:13 (483 turns).

rftp080 the Grappler (Troll Fighter)                 Turns: 483, Time: 00:03:14

Health: 0/97       AC:  5    Str: 47    XL:     9   Next: 22%
Magic:  8/8        EV: 18    Int: 22    God:    Cheibriados [******]
Gold:   0          SH: 15    Dex: 24    Spells: 0 memorised, 8 levels left

rFire  . . .     SeeInvis .       - Unarmed
rCold  . . .     Gourm    +     a - +0 robe
rNeg   . . .     Faith    .     b - +0 shield
rPois  .         Spirit   .     (helmet restricted)
rElec  .         Dismiss  .     (no cloak)
rCorr  .         Reflect  .     (gloves unavailable)
SustAt .         Harm     .     (boots unavailable)
MR     .....     NoTele   +     (no amulet)
Stlth  ++........               q - +3 ring of strength
                                p - +3 ring of strength

@: very slow, not resistant to hostile enchantments, unstealthy
A: unfitting armour, claws 3, fast metabolism 3, gourmand, regeneration 2,
shaggy fur 1, tough skin 2
a: Bend Time, Temporal Distortion, Slouch, Step From Time, Renounce Religion


You were in the Dungeon.
You worshipped Cheibriados.
Cheibriados was exalted by your worship.
You were very full.

You visited 1 branch

Inventory:

Armour
 a - a +0 robe (worn)
 b - a +0 shield (worn)
Magical Staves
 o - an uncursed staff of energy
Jewellery
 p - a +3 ring of strength (left claw)
 q - a +3 ring of strength (right claw)
Wands
 n - a wand of iceblast (6/15)
Scrolls
 j - 4 scrolls of blinking
 k - 3 scrolls of enchant armour
 l - 3 scrolls of remove curse
 m - 2 scrolls of amnesia
 s - 2 scrolls of enchant weapon
 t - a scroll of recharging
Potions
 c - 3 potions of might
 e - 5 potions of curing
 f - 9 potions of heal wounds
 g - a potion of haste
 h - 4 potions of magic
 i - a potion of resistance
 r - a potion of flight
Comestibles
 d - 3 bread rations


   Skills:
 + Level 8.4 Fighting
 + Level 8.4 Dodging
 + Level 8.4 Shields
 * Level 13.2 Unarmed Combat


You had 8 spell levels left.
You didn't know any spells.

Dungeon Overview and Level Annotations

Branches:
Dungeon (1/1)

Altars:
Cheibriados
Dithmenos
Elyvilon
Fedhas
Gozag
Kikubaaqudgha
Makhleb
Nemelex Xobeh
Okawaru
Pakellas
Qazlal
Ru
Sif Muna
Trog
Vehumet
Xom
Yredelemnul
Zin
The Shining One
Beogh
Jiyva
Lugonu


Innate Abilities, Weirdness & Mutations

You are too large for most types of armour.
You have claws for hands.
Your metabolism is lightning-fast.
You like to eat raw meat.
You heal very quickly.
You are covered in fur (AC +1).
You have very tough skin (AC +2).


Message History

The nine-headed hydra bites you.
* * * LOW HITPOINT WARNING * * *
The nine-headed hydra barely misses you.
You block the nine-headed hydra's attack.
The nine-headed hydra bites you.
* * * LOW HITPOINT WARNING * * *
You block the nine-headed hydra's attack. x2
The nine-headed hydra barely misses you.
The nine-headed hydra bites you.
* * * LOW HITPOINT WARNING * * *
The nine-headed hydra bites you!
* * * LOW HITPOINT WARNING * * *
You block the nine-headed hydra's attack.
The nine-headed hydra closely misses you.
You block the nine-headed hydra's attack. x2
The nine-headed hydra bites you but does no damage.
The nine-headed hydra bites you.
* * * LOW HITPOINT WARNING * * *
The nine-headed hydra bites you.
You die...

▓.▓.▓)▓
▓.▓.▓.▓
▓.▓.▓.▓
▓.▓.▓.▓
▓.▓.▓.▓
▓.▓.▓'▓
▓.▓.▓_▓
▓.▓.▓_▓
▓@▓.▓_▓
▓D▓.▓_▓
▓†▓.▓_▓
▓.▓.▓_▓
▓.▓.▓_▓
▓.▓.▓_▓
▓.▓.▓_▓
▓.▓.▓_▓
▓.▓.▓_▓


You could see a nine-headed hydra.

Vanquished Creatures
  A tengu warrior (D)
  A spiny frog (D)
  A komodo dragon (D)
  A blink frog (D)
  A yak (D)
  A mottled dragon (D)
  A porcupine (D)
  An ogre (D)
  A black bear (D)
  A wolf (D)
  2 centaurs (D)
  3 giant frogs (D)
  A killer bee (D)
  A wight (D)
  A howler monkey (D)
  An iguana (D)
  A worker ant (D)
  A gnoll (D)
  2 shadow imps (D)
  An orc (D)
  A bat zombie (D)
  A giant cockroach (D)
  2 goblins (D)
  A bat (D)
  A kobold (D)
30 creatures vanquished.

Notes
Turn   | Place    | Note
--------------------------------------------------------------
     0 | D        | rftp080 the Troll Fighter began the quest for the Orb.
     0 | D        | Reached XP level 1. HP: 22/22 MP: 0/0
    18 | D        | Reached skill level 3 in Unarmed Combat
    38 | D        | Noticed a centaur
    38 | D        | Noticed a worker ant
    40 | D        | Reached XP level 2. HP: 29/29 MP: 1/1
    42 | D        | Killed a centaur
    42 | D        | Reached skill level 5 in Unarmed Combat
    42 | D        | Reached XP level 3. HP: 39/39 MP: 2/2
    42 | D        | Reached XP level 4. HP: 48/48 MP: 3/3
    45 | D        | Reached skill level 6 in Unarmed Combat
    78 | D        | Found a glowing silver altar of Zin.
    78 | D        | Found a glowing golden altar of the Shining One.
    78 | D        | Found an ancient bone altar of Kikubaaqudgha.
    78 | D        | Found a basalt altar of Yredelemnul.
    78 | D        | Found a shimmering altar of Xom.
    78 | D        | Found a radiant altar of Vehumet.
    79 | D        | Found an iron altar of Okawaru.
    80 | D        | Found a burning altar of Makhleb.
    81 | D        | Found a deep blue altar of Sif Muna.
    82 | D        | Found a bloodstained altar of Trog.
    83 | D        | Found a sparkling altar of Nemelex Xobeh.
    84 | D        | Found a white marble altar of Elyvilon.
    85 | D        | Found a roughly hewn altar of Beogh.
    86 | D        | Found a viscous altar of Jiyva.
    87 | D        | Found a corrupted altar of Lugonu.
    88 | D        | Found a blossoming altar of Fedhas.
    89 | D        | Found a snail-covered altar of Cheibriados.
    90 | D        | Found a shadowy altar of Dithmenos.
    91 | D        | Found a stormy altar of Qazlal.
    92 | D        | Found an opulent altar of Gozag.
    93 | D        | Found a sacrificial altar of Ru.
    94 | D        | Found an oddly glowing altar of Pakellas.
    97 | D        | Became a worshipper of Cheibriados the Contemplative
   125 | D        | Noticed an ogre
   125 | D        | Noticed a centaur
   125 | D        | Noticed a giant frog
   125 | D        | Noticed a komodo dragon
   125 | D        | Noticed a yak
   128 | D        | Killed an ogre
   128 | D        | Reached skill level 7 in Unarmed Combat
   128 | D        | Reached XP level 5. HP: 55/55 MP: 4/4
   132 | D        | Killed a centaur
   132 | D        | Reached * piety under Cheibriados
   132 | D        | Reached skill level 5 in Fighting
   132 | D        | Reached skill level 5 in Dodging
   132 | D        | Reached skill level 5 in Shields
   132 | D        | Reached skill level 8 in Unarmed Combat
   133 | D        | Reached XP level 6. HP: 54/66 MP: 5/5
   142 | D        | Killed a komodo dragon
   142 | D        | Reached ** piety under Cheibriados
   142 | D        | Reached skill level 9 in Unarmed Combat
   142 | D        | Reached XP level 7. HP: 38/75 MP: 6/6
   143 | D        | Reached skill level 10 in Unarmed Combat
   148 | D        | Killed a yak
   148 | D        | Reached *** piety under Cheibriados
   235 | D        | Noticed a tengu warrior
   241 | D        | Killed a tengu warrior
   241 | D        | Reached skill level 11 in Unarmed Combat
   241 | D        | Reached XP level 8. HP: 48/87 MP: 7/7
   244 | D        | Reached **** piety under Cheibriados
   250 | D        | Reached skill level 12 in Unarmed Combat
   251 | D        | Reached ***** piety under Cheibriados
   452 | D        | Noticed a blink frog
   461 | D        | Killed a blink frog
   462 | D        | Noticed a spiny frog
   464 | D        | Noticed a seven-headed hydra
   469 | D        | Reached XP level 9. HP: 79/96 MP: 8/8
   472 | D        | Reached ****** piety under Cheibriados
   476 | D        | Killed a spiny frog
   476 | D        | Reached skill level 13 in Unarmed Combat
   483 | D        | HP: 4/97 [nine-headed hydra (1)]
   483 | D        | Slain by a nine-headed hydra

Skill      XL: |  1  2  3  4  5  6  7  8  9 |
---------------+----------------------------+-----
Unarmed Combat | 3 5 7 8 9 11 12 13 | 13.2
Dodging        | 3 4 5 6 7 8 |  8.4
Fighting       | 3 4 5 6 7 8 |  8.4
Shields        | 3 4 5 6 7 8 |  8.4

Action                   |  1- 3 |  4- 6 |  7- 9 || total
-------------------------+-------+-------+-------++-------
Melee: Unarmed           |    17 |    22 |    50 ||    89
Evoke: Wand              |       |       |     1 ||     1
  Use: Potion            |     1 |     1 |       ||     2
 Stab: Invisible         |       |       |     1 ||     1
  Eat: Chunk             |     3 |     5 |     1 ||     9
Armor: Robe              |     1 |     2 |     6 ||     9
Dodge: Dodged            |     7 |     6 |    26 ||    39
Block: Shield            |     7 |     9 |    31 ||    47
